MWL (24 & UNDER)
LITTLE ROCK LEMMIWINKS @ BARRY'S BAY ORIOLES
04/08/2028
 
TOP OF THE 1ST
Little Rock Lemmiwinks batting - Pitching for Barry's Bay Orioles : RHP Artie Hall
Pitching: RHP Artie Hall
Batting: RHB Álex Martínez 0-0: Ball
1-0: Called Strike
1-1: Foul Ball, location: 2F
1-2: Foul Ball, location: 2F
1-2: Foul Ball, location: 2F
1-2: Strikes out swinging
Batting: SHB Juan Carlos González 0-0: Ball
1-0: SINGLE (Line Drive, 89S)
Batting: LHB Elvin Summers 0-0: Ball
1-0: Swinging Strike
1-1: Ball
2-1: Fielders Choice at 2nd, 3-6 (Groundball, 3)
Batting: RHB Jaime Hernández 0-0: Ball
Elvin Summers is caught stealing 2nd base
Top of the 1st over - 0 run(s), 1 hit(s), 0 error(s), 0 left on base; Little Rock 0 - Barry's Bay 0
BOTTOM OF THE 1ST
Barry's Bay Orioles batting - Pitching for Little Rock Lemmiwinks : RHP Lewis Sweeney
Pitching: RHP Lewis Sweeney
Batting: LHB Ryan Rheaume 0-0: Called Strike
0-1: Foul Ball, location: 2F
0-2: Ball
1-2: Ball
2-2: Ball
3-2: Base on Balls
Batting: SHB Emílio Calvillo 0-0: Called Strike
0-1: Ball
1-1: Ball
2-1: SINGLE (Groundball, 6MD)
Ryan Rheaume to second
Runner from 2nd tries for 3rd, SAFE, throw made to third
Emílio Calvillo to second
Batting: LHB Will Elliott 0-0: Called Strike
0-1: SINGLE (Line Drive, 34D)
Ryan Rheaume scores
Emílio Calvillo to third
Runner from 3rd tries for Home, SAFE, no throw
Batting: RHB Lorenzo Silva 0-0: Ball
1-0: Ball
2-0: Ball
3-0: Called Strike
3-1: Base on Balls
Will Elliott to second
Batting: RHB Guy Morrison 0-0: Ball
1-0: Swinging Strike
1-1: Foul Ball, location: 2F
1-2: Ball
2-2: Foul Ball, location: 2F
2-2: Strikes out swinging
Batting: RHB Lee Scott 0-0: Ball
1-0: SINGLE (Groundball, 34D)
Will Elliott to third
Lorenzo Silva to second
Runner from 3rd tries for Home, SAFE, no throw
Batting: RHB Jake Erickson 0-0: Ball
1-0: Foul Ball, location: 2F
1-1: Ball
2-1: Fly out, F8 (Flyball, 8LD)
Runner from 2nd tags up, SAFE at 3rd, no throw
Batting: RHB Bill Pike 0-0: Foul Ball, location: 2F
0-1: Ball
1-1: Ball
2-1: Fielders Choice at 2nd, 6-4 (Groundball, 6)
Bottom of the 1st over - 3 run(s), 3 hit(s), 0 error(s), 1 left on base; Little Rock 0 - Barry's Bay 3
TOP OF THE 2ND
Little Rock Lemmiwinks batting - Pitching for Barry's Bay Orioles : RHP Artie Hall
Batting: RHB Jaime Hernández 0-0: SINGLE (Groundball, 4MD)
Batting: SHB Jorge Rodríguez 0-0: Called Strike
0-1: Called Strike
0-2: Foul Ball, location: 2F
0-2: SINGLE (Line Drive, 6MD)
Jaime Hernández to second
Batting: RHB Roberto Valdéz 0-0: Grounds into double play, 1-4-3 (Groundball, 15S)
Jaime Hernández to third
Batting: RHB John Robertson 0-0: Called Strike
0-1: Ball
1-1: Foul Ball, location: 2F
1-2: Strikes out swinging
Top of the 2nd over - 0 run(s), 2 hit(s), 0 error(s), 1 left on base; Little Rock 0 - Barry's Bay 3
BOTTOM OF THE 2ND
Barry's Bay Orioles batting - Pitching for Little Rock Lemmiwinks : RHP Lewis Sweeney
Batting: LHB Ignacio Rabelo 0-0: Ball
1-0: Called Strike
1-1: Ball
2-1: Ball
3-1: Called Strike
3-2: Strikes out looking
Batting: LHB Ryan Rheaume 0-0: Called Strike
0-1: Swinging Strike
0-2: Foul Ball, location: 2F
0-2: Ground out 6-3 (Groundball, 6)
Batting: SHB Emílio Calvillo 0-0: Ball
1-0: Ball
2-0: Ball
3-0: Base on Balls
Batting: LHB Will Elliott 0-0: Called Strike
Emílio Calvillo steals 2nd base
0-1: Called Strike
0-2: Foul Ball, location: 2F
0-2: Ball
1-2: Foul Ball, location: 2F
1-2: Ball
2-2: SINGLE (Line Drive, 4MD)
Emílio Calvillo to third
Runner from 3rd tries for Home, SAFE, no throw
Batting: RHB Lorenzo Silva 0-0: Fly out, F8 (Flyball, 89M)
Bottom of the 2nd over - 1 run(s), 1 hit(s), 0 error(s), 1 left on base; Little Rock 0 - Barry's Bay 4
TOP OF THE 3RD
Little Rock Lemmiwinks batting - Pitching for Barry's Bay Orioles : RHP Artie Hall
Batting: RHB Jack Crossey 0-0: Ball
1-0: Ball
2-0: Ball
3-0: Base on Balls
Batting: LHB Francisco Gonzáles Pickoff Throw to First - Out!
0-0: Fly out, F7 (Flyball, 7)
Batting: RHB Álex Martínez 0-0: Ball
1-0: Ball
2-0: Ground out 5-3 (Groundball, 56S)
Top of the 3rd over - 0 run(s), 0 hit(s), 0 error(s), 0 left on base; Little Rock 0 - Barry's Bay 4
BOTTOM OF THE 3RD
Barry's Bay Orioles batting - Pitching for Little Rock Lemmiwinks : RHP Lewis Sweeney
Batting: RHB Guy Morrison 0-0: Called Strike
0-1: DOUBLE (Line Drive, 7LD)
Batting: RHB Lee Scott 0-0: Ball
1-0: Ball
2-0: Called Strike
2-1: Foul Ball, location: 2F
2-2: Ball
3-2: Foul Ball, location: 2F
3-2: Foul Ball, location: 2F
3-2: Strikes out looking
Batting: RHB Jake Erickson 0-0: Ball
1-0: Foul Ball, location: 2F
1-1: Ball
2-1: Swinging Strike
2-2: Strikes out looking
Batting: RHB Bill Pike 0-0: Ball
1-0: Swinging Strike
1-1: Foul Ball, location: 2F
1-2: Ball
2-2: 2-RUN HOME RUN (Flyball, 9D), Distance : 359 ft
Batting: LHB Ignacio Rabelo 0-0: Called Strike
0-1: Fly out, F8 (Flyball, 8LD)
Bottom of the 3rd over - 2 run(s), 2 hit(s), 0 error(s), 0 left on base; Little Rock 0 - Barry's Bay 6
TOP OF THE 4TH
Little Rock Lemmiwinks batting - Pitching for Barry's Bay Orioles : RHP Artie Hall
Batting: SHB Juan Carlos González 0-0: Ball
1-0: Foul Ball, location: 2F
1-1: Swinging Strike
1-2: SINGLE (Line Drive, 4M)
Batting: LHB Elvin Summers 0-0: SINGLE (Groundball, 6D)
Juan Carlos González to second
Batting: RHB Jaime Hernández 0-0: Ball
1-0: Fly out, F9 (Line Drive, 89M)
Batting: SHB Jorge Rodríguez 0-0: Foul Ball, location: 2F
0-1: Ball
1-1: Foul Ball, location: 2F
1-2: Strikes out swinging
Batting: RHB Roberto Valdéz 0-0: Foul Ball, location: 2F
0-1: Called Strike
0-2: Foul Ball, location: 2F
0-2: Foul Ball, location: 2F
0-2: Strikes out swinging
Top of the 4th over - 0 run(s), 2 hit(s), 0 error(s), 2 left on base; Little Rock 0 - Barry's Bay 6
BOTTOM OF THE 4TH
Barry's Bay Orioles batting - Pitching for Little Rock Lemmiwinks : RHP Lewis Sweeney
Pitching: RHP Albert Castro
Batting: LHB Ryan Rheaume 0-0: Foul Ball, location: 2F
0-1: Fly out, F5 (Line Drive, 56)
Batting: SHB Emílio Calvillo 0-0: Called Strike
0-1: Ground out 6-3 (Groundball, 6)
Batting: LHB Will Elliott 0-0: Called Strike
0-1: Ball
1-1: Foul Ball, location: 2F
1-2: Ball
2-2: Foul Ball, location: 2F
2-2: Foul Ball, location: 2F
2-2: Strikes out looking
Bottom of the 4th over - 0 run(s), 0 hit(s), 0 error(s), 0 left on base; Little Rock 0 - Barry's Bay 6
TOP OF THE 5TH
Little Rock Lemmiwinks batting - Pitching for Barry's Bay Orioles : RHP Artie Hall
Batting: RHB John Robertson 0-0: Ball
1-0: Ball
2-0: Foul Ball, location: 2F
2-1: Called Strike
2-2: Strikes out swinging
Batting: RHB Jack Crossey 0-0: Called Strike
0-1: Ball
1-1: Foul Ball, location: 2F
1-2: Foul Ball, location: 2F
1-2: Strikes out swinging
Batting: LHB Francisco Gonzáles 0-0: Called Strike
0-1: Fly out, F6 (Popup, 4MD)
Top of the 5th over - 0 run(s), 0 hit(s), 0 error(s), 0 left on base; Little Rock 0 - Barry's Bay 6
BOTTOM OF THE 5TH
Barry's Bay Orioles batting - Pitching for Little Rock Lemmiwinks : RHP Albert Castro
Batting: RHB Lorenzo Silva 0-0: Ball
1-0: Swinging Strike
1-1: Ball
2-1: DOUBLE (Line Drive, 89M)
Batting: RHB Guy Morrison 0-0: Reached on error, E5 (Groundball, 5L)
Lorenzo Silva to third
Batting: RHB Lee Scott 0-0: Foul Ball, location: 2F
0-1: Ball
1-1: DOUBLE (Line Drive, 9LM)
Lorenzo Silva scores
Guy Morrison to third
Batting: RHB Jake Erickson 0-0: Called Strike
0-1: Swinging Strike
0-2: Strikes out swinging
Batting: RHB Bill Pike 0-0: Ball
1-0: Ball
2-0: Foul Ball, location: 2F
2-1: Ball
3-1: Base on Balls
Batting: LHB Ignacio Rabelo 0-0: Foul Ball, location: 2F
0-1: Swinging Strike
0-2: Strikes out looking
Batting: LHB Ryan Rheaume 0-0: Ball
1-0: Called Strike
1-1: Foul Ball, location: 2F
1-2: Strikes out looking
Bottom of the 5th over - 1 run(s), 2 hit(s), 1 error(s), 3 left on base; Little Rock 0 - Barry's Bay 7
TOP OF THE 6TH
Little Rock Lemmiwinks batting - Pitching for Barry's Bay Orioles : RHP Artie Hall
Batting: RHB Álex Martínez 0-0: Fly out, F4 (Line Drive, 4)
Batting: SHB Juan Carlos González 0-0: Ball
1-0: Ground out 4-3 (Groundball, 4)
Batting: LHB Elvin Summers 0-0: Swinging Strike
0-1: Ball
1-1: Called Strike
1-2: Ball
2-2: Ball
3-2: SINGLE (Line Drive, 4MD)
Batting: RHB Jaime Hernández 0-0: Called Strike
Elvin Summers steals 2nd base
0-1: Ball
1-1: Ball
2-1: Called Strike
2-2: Ball
3-2: Fly out, F8 (Flyball, 89D)
Top of the 6th over - 0 run(s), 1 hit(s), 0 error(s), 1 left on base; Little Rock 0 - Barry's Bay 7
BOTTOM OF THE 6TH
Barry's Bay Orioles batting - Pitching for Little Rock Lemmiwinks : RHP Albert Castro
Batting: SHB Emílio Calvillo 0-0: Ball
1-0: SINGLE (Line Drive, 9LS)
Batting: LHB Will Elliott 0-0: Foul Ball, location: 2F
0-1: Ball
1-1: Called Strike
1-2: Foul Ball, location: 2F
1-2: Fielders Choice at 2nd, 3-6 (Groundball, 34)
Batting: RHB Lorenzo Silva 0-0: Called Strike
0-1: Ball
1-1: Called Strike
1-2: Foul Ball, location: 2F
1-2: Fly out, F9 (Flyball, 9LSF)
Batting: RHB Guy Morrison 0-0: Swinging Strike
0-1: Fly out, F8 (Flyball, 78M)
Bottom of the 6th over - 0 run(s), 1 hit(s), 0 error(s), 1 left on base; Little Rock 0 - Barry's Bay 7
TOP OF THE 7TH
Little Rock Lemmiwinks batting - Pitching for Barry's Bay Orioles : RHP Artie Hall
Batting: SHB Jorge Rodríguez 0-0: Ball
1-0: Called Strike
1-1: Ball
2-1: Ball
3-1: Swinging Strike
3-2: Base on Balls
Batting: RHB Roberto Valdéz 0-0: SINGLE (Groundball, 56D)
Jorge Rodríguez to second
Batting: RHB John Robertson 0-0: Called Strike
0-1: Swinging Strike
0-2: Ball
1-2: Grounds into double play, 1-4-3 (Groundball, 15S)
Jorge Rodríguez to third
Pitching: RHP A.J. Martin
Batting: RHB Jack Crossey 0-0: Ball
1-0: Ball
2-0: Foul Ball, location: 2F
2-1: Called Strike
2-2: Strikes out looking
Top of the 7th over - 0 run(s), 1 hit(s), 0 error(s), 1 left on base; Little Rock 0 - Barry's Bay 7
BOTTOM OF THE 7TH
Barry's Bay Orioles batting - Pitching for Little Rock Lemmiwinks : RHP Albert Castro
Batting: RHB Lee Scott 0-0: Ball
1-0: Ball
2-0: DOUBLE (Line Drive, 8RD)
Pitching: LHP José Reyes
Batting: RHB Jake Erickson 0-0: Swinging Strike
0-1: Ball
1-1: Foul Ball, location: 2F
1-2: Fly out, F7 (Flyball, 78M)
Batting: RHB Bill Pike 0-0: Ball
1-0: Swinging Strike
1-1: SINGLE (Line Drive, 78S)
Lee Scott to third
Runner from 3rd tries for Home, SAFE, no throw
Batting: LHB Ignacio Rabelo 0-0: Ball
1-0: Ball
2-0: Foul Ball, location: 2F
2-1: Ball
3-1: SINGLE (Groundball, 6MD)
Bill Pike to second
Batting: LHB Ryan Rheaume 0-0: Ball
1-0: Ball
2-0: Ball
3-0: Called Strike
3-1: Base on Balls
Bill Pike to third
Ignacio Rabelo to second
Batting: SHB Emílio Calvillo 0-0: Called Strike
0-1: Foul Ball, location: 2F
0-2: Foul Ball, location: 2F
0-2: Ball
1-2: Foul Ball, location: 2F
1-2: Strikes out looking
Batting: LHB Will Elliott 0-0: Foul Ball, location: 2F
0-1: Ball
1-1: Ball
2-1: Swinging Strike
2-2: Ball
3-2: Base on Balls
Bill Pike scores
Ignacio Rabelo to third
Ryan Rheaume to second
Batting: RHB Lorenzo Silva 0-0: Called Strike
0-1: Foul Ball, location: 2F
0-2: Foul Ball, location: 2F
0-2: Ball
1-2: Ball
2-2: Foul Ball, location: 2F
2-2: Foul Ball, location: 2F
2-2: Foul Ball, location: 2F
2-2: Ball
3-2: Foul Ball, location: 2F
3-2: Base on Balls
Ignacio Rabelo scores
Ryan Rheaume to third
Will Elliott to second
Batting: RHB Guy Morrison 0-0: Ball
1-0: Ground out 6-3 (Groundball, 6S)
Bottom of the 7th over - 3 run(s), 3 hit(s), 0 error(s), 3 left on base; Little Rock 0 - Barry's Bay 10
TOP OF THE 8TH
Little Rock Lemmiwinks batting - Pitching for Barry's Bay Orioles : RHP A.J. Martin
Batting: LHB Francisco Gonzáles 0-0: Ball
1-0: Ball
2-0: Ball
3-0: Base on Balls
Batting: RHB Álex Martínez
Pinch Hitting: LHB Claudio Palácios 0-0: SINGLE (Flyball, 7S)
Francisco Gonzáles to second
Batting: SHB Juan Carlos González 0-0: Grounds into double play, 4-6-3 (Groundball, 4)
Francisco Gonzáles to third
Batting: LHB Elvin Summers 0-0: Ball
1-0: Ball
2-0: Ball
3-0: Called Strike
3-1: Base on Balls
Batting: RHB Jaime Hernández 0-0: Ball
1-0: Called Strike
1-1: Ball
2-1: Ball
3-1: Swinging Strike
3-2: Foul Ball, location: 2F
3-2: Ground out 6-3 (Groundball, 6)
Top of the 8th over - 0 run(s), 1 hit(s), 0 error(s), 2 left on base; Little Rock 0 - Barry's Bay 10
BOTTOM OF THE 8TH
Barry's Bay Orioles batting - Pitching for Little Rock Lemmiwinks : LHP José Reyes
Now at 2B: Ernesto Villa
Batting: RHB Lee Scott 0-0: Ground out 6-3 (Groundball, 6M)
Batting: RHB Jake Erickson 0-0: SINGLE (Line Drive, 56)
Batting: RHB Bill Pike 0-0: Ball
1-0: Ball
2-0: Fielders Choice at 2nd, 5-4 (Groundball, 5)
Batting: LHB Ignacio Rabelo 0-0: Ball
1-0: Ball
2-0: Ball
3-0: Called Strike
3-1: Foul Ball, location: 2F
3-2: TRIPLE (Groundball, 3L)
Bill Pike scores
Pitching: RHP Ryan Allen
Batting: LHB Ryan Rheaume 0-0: SINGLE (Groundball, 56) (infield hit)
Ignacio Rabelo scores
Batting: SHB Emílio Calvillo 0-0: Ball
Ryan Rheaume steals 2nd base
1-0: Swinging Strike
1-1: Hit by Pitch
Batting: LHB Will Elliott 0-0: Called Strike
0-1: Ball
1-1: Ball
2-1: Fly out, F9 (Flyball, 89M)
Bottom of the 8th over - 2 run(s), 3 hit(s), 0 error(s), 2 left on base; Little Rock 0 - Barry's Bay 12
TOP OF THE 9TH
Little Rock Lemmiwinks batting - Pitching for Barry's Bay Orioles : RHP A.J. Martin
Now at 3B: Manny Gutiérrez
Batting: SHB Jorge Rodríguez 0-0: Foul Ball, location: 2F
0-1: Ball
1-1: SINGLE (Line Drive, 9S)
Batting: RHB Roberto Valdéz 0-0: Swinging Strike
0-1: Ball
1-1: Ball
2-1: Grounds into double play, 6-4-3 (Groundball, 6)
Batting: RHB John Robertson 0-0: Ball
1-0: Called Strike
1-1: Foul Ball, location: 2F
1-2: Ball
2-2: Foul Ball, location: 2F
2-2: Ball
3-2: Foul Ball, location: 2F
3-2: Foul Ball, location: 2F
3-2: Base on Balls
Batting: RHB Jack Crossey 0-0: Foul Ball, location: 2F
0-1: Ball
1-1: Foul Ball, location: 2F
1-2: Strikes out swinging
Top of the 9th over - 0 run(s), 1 hit(s), 0 error(s), 1 left on base; Little Rock 0 - Barry's Bay 12
Tuesday, August 8th, 2017 - OOTP Baseball 17.12 Build 75